Cogmind - Beta 10 X2 @@@ ROGUE MODE // 2020.07.07 @ 15:52:04 Player: Decinym Result: Destroyed self with Rocket Launcher Performance ------------- Evolutions (1) 500 Regions Visited (6) 1200 Robots Destroyed (57) 285 Value Destroyed (801) 801 Prototype IDs (32) 640 Alien Tech Used (0) 0 Bonus (-327) -327 TOTAL SCORE: 3099 Bonus ------- Follower Combat Kills 7 Aligned with FarCom 300 Friendly Fire -634 Cogmind --------- Core Integrity 0/400 Matter 84/300 Energy 310/310 System Corruption 0% Temperature Cool (0) Movement Walking (210) Ox3 Location -8/Mines Parts ------- > --- POWER (1) -------- Reinforced Fission Core > --- PROPULSION (2) --- Potential Leg > --- UTILITY (4) ------ Large Storage Unit Large Storage Unit High-capacity Storage Unit Advanced Weapon Cycler > --- WEAPON (2) ------- Heavy Assault Rifle Rocket Launcher > --- INVENTORY (24) --- Light Neutrino Core Makeshift Leg Flying Fortress v7 Experimental Heat Sink Large Storage Unit Experimental Targeting Computer Advanced Core Analyzer Makeshift Cloaking Device EX Chip 1 EX Chip 1 EX Chip 1 Hacking Suite EX Chip 2 EX Chip 2 System Purifier Improved EM Shotgun Advanced Beam Cannon YOLO Cannon 8R-AWN's Boregun Deploy-a-Sentry Peak State ------------ > --- POWER ------------ Reinforced Fission Core > --- PROPULSION ------- Potential Leg Potential Leg > --- UTILITY ---------- Large Storage Unit Large Storage Unit Large Storage Unit Advanced Weapon Cycler > --- WEAPON ----------- YOLO Cannon > --- INVENTORY -------- Light Treads Light Treads Flying Fortress v7 Experimental Heat Sink Medium Storage Unit Experimental Targeting Computer Hacking Suite Improved EM Shotgun Improved EM Shotgun Advanced Beam Cannon Heavy Assault Rifle 8R-AWN's Boregun Light Cannon [Rating: 64] Favorites ----------- Power Cooled Ion Engine Engine Cooled Ion Engine Power Core Reinforced Fission Core Propulsion Aluminum Leg Treads Light Treads Leg Aluminum Leg Flight Unit Improved Flight Unit Utility Large Storage Unit Device Improved Heat Sink Storage Large Storage Unit Processor Transport Network Coupler Protection Improved Light Armor Plating Weapon Advanced Beam Cannon Energy Gun EM Pulse Gun Energy Cannon Advanced Beam Cannon Ballistic Gun Heavy Assault Rifle Launcher Rocket Launcher Build | -11 -10 -10 -9 -9 -9 -8 ------- Run | Scr Mat Min Mat Min Exi Min Slots Evolved 2 | . . . 2 . . . Power . | . . . . . . . Propulsion . | . . . . . . . Utility 2 | . . . 2 . . . Weapon . | . . . . . . . Parts Attached 68 | . . . 31 . 36 1 Power 9 | . . . 4 . 5 . Engine 6 | . . . 4 . 2 . Core 3 | . . . . . 3 . Reactor . | . . . . . . . Propulsion 10 | . . . 7 . 3 . Treads 3 | . . . 2 . 1 . Leg 6 | . . . 4 . 2 . Wheel . | . . . . . . . Hover . | . . . . . . . Flight 1 | . . . 1 . . . Utility 20 | . . . 8 . 12 . Device 8 | . . . 2 . 6 . Storage 6 | . . . 3 . 3 . Processor 1 | . . . 1 . . . Hackware . | . . . . . . . Protection 5 | . . . 2 . 3 . Artifact . | . . . . . . . Weapon 29 | . . . 12 . 16 1 Energy Gun 2 | . . . 2 . . . Energy Cannon 14 | . . . 8 . 6 . Ballistic Gun 10 | . . . 1 . 9 . Ballistic Cannon . | . . . . . . . Launcher 3 | . . . 1 . 1 1 Special Weapon . | . . . . . . . Impact Weapon . | . . . . . . . Slashing Weapon . | . . . . . . . Piercing Weapon . | . . . . . . . Special Melee Weapon . | . . . . . . . Unidentified Prototypes 9 | . . . 5 . 4 . Parts Lost 15 | . . 1 . . 14 . Power 3 | . . . . . 3 . Propulsion 2 | . . . . . 2 . Utility 4 | . . . . . 4 . Weapon 6 | . . 1 . . 5 . Highest Loss Streak 7 | . . 1 . . 7 . Average Slot Usage (%) 95 | . 85 76 98 100 95 . Engine 8 | . 14 14 10 11 3 . Core 2 | . . . . . 7 . Treads 4 | . . . 3 22 5 . Leg 18 | . 28 28 18 . 15 . Device 7 | . . . 8 . 8 . Storage 22 | . 14 14 19 22 26 . Processor 2 | . . . 4 11 1 . Protection 7 | . . . 10 11 5 . Energy Gun 2 | . 28 19 . . . . Energy Cannon 14 | . . . 21 22 9 . Ballistic Gun 4 | . . . . . 10 . Naked Turns . | . . . . . . . Heaviest Build 95 | 13 13 13 53 51 95 . Greatest Support 60 | 20 20 20 40 40 60 . Greatest Overweight (x) 2 | . . . 2 1 2 . Average Overweight (x) 1 | . . . 1 1 . . Largest Inventory Capacity 24 | . 6 6 16 16 24 24 Average Capacity 14 | . 6 6 13 16 18 24 Most Carried 24 | . 6 6 16 16 24 24 Average Carried 13 | . 6 6 12 16 16 24 Final Capacity 24 | 6 6 6 16 16 24 24 Final Carried 24 | 6 6 6 16 16 24 24 Class Distribution -------------------- 80% | Mutant 18% | Hauler-Mutant Dominant Class ---------------- Mutant | -10/Materials Mutant | -10/Mines Mutant | -9/Materials Mutant | -9/Mines Mutant | -9/Exiles Mutant | -8/Mines Resources | -11 -10 -10 -9 -9 -9 -8 ----------- Run | Scr Mat Min Mat Min Exi Min Matter Collected 946 | 200 . . 321 . 425 . Remotely . | . . . . . . . Salvage Created 1726 | . . 85 1081 . 512 48 Parts 125 | . . 11 66 . 47 1 Haulers Intercepted 6 | . . . 6 . . . Recyclers Shooed . | . . . . . . . Parts Field Recycled . | . . . . . . . Retrieved Matter . | . . . . . . . Parts Self-Destructed . | . . . . . . . Prevented . | . . . . . . . Kills | -11 -10 -10 -9 -9 -9 -8 ------- Run | Scr Mat Min Mat Min Exi Min Combat Hostiles Destroyed 29 | . . 5 18 . 5 1 Guns 8 | . . 5 2 . 1 . Cannons 13 | . . . 11 . 2 . AOE 7 | . . . 4 . 2 1 Classes Destroyed 11 | . . 1 7 . 3 . Worker 2 | . . . 2 . . . Hauler 6 | . . . 6 . . . Recycler 1 | . . . 1 . . . Operator 2 | . . . 2 . . . Turret 1 | . . . . . 1 . Watcher 2 | . . . 2 . . . Swarmer 11 | . . 5 6 . . . Grunt 11 | . . . 10 . . 1 Sentry 3 | . . . 3 . . . Zionite 8 | . . . . . 8 . Assembled 7 | . . . . . 7 . Best Kill Streak 9 | . . 3 9 . 4 1 Combat Bots Only 5 | . . 3 5 . 3 1 Max Kills in Single Turn 5 | . . 2 5 . 3 1 Gunslinging 1 | . . 1 . . . . Exploded 4 | . . . 4 . 2 1 Melee . | . . . . . . . Uniques/NPCs Destroyed 2 | . . . . . 2 . 8R-AWN (-9/Exiles) EX-BIN (-9/Exiles) EX-DEC (-9/Exiles) Combat | -11 -10 -10 -9 -9 -9 -8 -------- Run | Scr Mat Min Mat Min Exi Min Damage Taken 3033 | . . 146 376 . 2434 77 Core 444 | . . 22 67 . 309 46 Absorbed by Shields 42 | . . . 42 . . . Core Remaining (%) 95 | 100 . 91 . . . . Volleys Fired 183 | . . 8 59 . 115 1 Largest 2 | . . 2 2 . 2 1 Hottest 136 | . . 90 136 . 136 33 Shots Fired 289 | . . 13 106 . 169 1 Gun 101 | . . 13 4 . 84 . Cannon 183 | . . . 101 . 82 . Launcher 5 | . . . 1 . 3 1 Special . | . . . . . . . Kinetic 84 | . . . . . 84 . Thermal 188 | . . 5 101 . 82 . Explosive 5 | . . . 1 . 3 1 Electromagnetic 12 | . . 8 4 . . . Robot Hit Streak 21 | . . 3 11 . 21 10 Robot Miss Streak 4 | . . 4 3 . 3 . Penetration Max . | . . . . . . . Secondary Targets 2 | . . 1 . . 1 . Max Gunslinging Chain 1 | . . 1 . . 1 . Shots Hit Robots 184 | . . 7 58 . 118 1 Core Hits 83 | . . 5 32 . 44 2 Critical Hits 22 | . . . 7 . 15 . Critical Kills 5 | . . . 4 . 1 . Critical Parts Destroyed 9 | . . . 3 . 6 . Melee Attacks . | . . . . . . . Impact . | . . . . . . . Slashing . | . . . . . . . Piercing . | . . . . . . . Sneak Attacks . | . . . . . . . Combat Hostiles . | . . . . . . . Follow-up Attacks . | . . . . . . . Damage Inflicted 4719 | . . 114 1424 . 3098 83 Guns 1065 | . . 79 40 . 946 . Cannons 2647 | . . . 1130 . 1517 . Explosions 1007 | . . 35 254 . 635 83 Melee . | . . . . . . . Ramming . | . . . . . . . Kinetic 946 | . . . . . 946 . Thermal 2924 | . . 59 1130 . 1735 . Explosive 754 | . . . 254 . 417 83 Electromagnetic 95 | . . 55 40 . . . Impact . | . . . . . . . Slashing . | . . . . . . . Piercing . | . . . . . . . Highest Corruption . | . . . . . . . Average Corruption . | . . . . . . . Corruption Purged . | . . . . . . . Overload Shots . | . . . . . . . Overflow Damage 92 | . . . 8 . 84 . Projectiles 47 | . . . 8 . 39 . Explosions 45 | . . . . . 45 . Melee . | . . . . . . . Knockbacks . | . . . . . . . Impact . | . . . . . . . Kinetic . | . . . . . . . Secondary . | . . . . . . . Self-Inflicted Damage 79 | . . 33 . . . 46 Shots 2 | . . 1 . . . 1 Rammed . | . . . . . . . Targets Rammed . | . . . . . . . Kicked . | . . . . . . . Crushed . | . . . . . . . Highest Temperature 352 | . . 84 352 . 346 . Average Temperature 115 | . . 47 94 . 136 . Received Heat Transfer 131 | . . 6 116 . 9 . Effects 3 | . . . . . 3 . Energy Bleed 2 | . . . . . 2 . Interference 1 | . . . . . 1 . Siege Activations . | . . . . . . . Robots Corrupted . | . . . . . . . Combat Hostiles . | . . . . . . . Parts Fried . | . . . . . . . Impact Corruptions . | . . . . . . . Robots Melted 1 | . . . 1 . . . Combat Hostiles 1 | . . . 1 . . . Parts Melted 4 | . . . 2 . 2 . Heat Transferred 3840 | . . 174 2035 . 1631 . Parts Sabotaged . | . . . . . . . Parts Stolen . | . . . . . . . Parts Stripped . | . . . . . . . Power Chain Reactions 1 | . . 1 . . . . Missiles Intercepted . | . . . . . . . Alert | -11 -10 -10 -9 -9 -9 -8 ------- Run | Scr Mat Min Mat Min Exi Min Peak Influence 355 | . 15 134 355 . . . Average Influence 118 | . 7 97 133 . . . Maximum Alert Level 1 | . . . 1 . . . Low Security (%) 85 | . 100 100 80 100 . 100 Level 1 14 | . . . 19 . . . Level 2 . | . . . . . . . Level 3 . | . . . . . . . Level 4 . | . . . . . . . Level 5 . | . . . . . . . High Security . | . . . . . . . Max Security . | . . . . . . . Squads Dispatched 3 | . . . 3 . . . Investigation . | . . . . . . . Extermination . | . . . . . . . Reinforcement 3 | . . . 3 . . . Assault . | . . . . . . . Garrison . | . . . . . . . Intercept . | . . . . . . . Construction Impeded . | . . . . . . . Haulers Reinforced . | . . . . . . . Stealth | -11 -10 -10 -9 -9 -9 -8 --------- Run | Scr Mat Min Mat Min Exi Min Distress Signals 3 | . . . 3 . . . Communications Jammed . | . . . . . . . Distress Signals . | . . . . . . . Times Spotted 60 | . 1 6 28 . 22 3 Peak Tracking Total 6 | . 1 3 5 . 6 3 Tactical Retreats 10 | . . . . . 10 . Traps | -11 -10 -10 -9 -9 -9 -8 ------- Run | Scr Mat Min Mat Min Exi Min Traps Triggered . | . . . . . . . Indirectly . | . . . . . . . Trap Hack Attempts . | . . . . . . . Triggered . | . . . . . . . Disarmed . | . . . . . . . Reprogrammed . | . . . . . . . Reused . | . . . . . . . Traps Extracted . | . . . . . . . Installed . | . . . . . . . Triggered . | . . . . . . . Machines | -11 -10 -10 -9 -9 -9 -8 ---------- Run | Scr Mat Min Mat Min Exi Min Machines Disabled 10 | . . . 1 . 9 . Max in Single Turn 3 | . . . 1 . 3 . Machines Sabotaged . | . . . . . . . Garrisons Compromised . | . . . . . . . Overloaded Fab Kills . | . . . . . . . Fab Network Shutdowns . | . . . . . . . Hacking | -11 -10 -10 -9 -9 -9 -8 --------- Run | Scr Mat Min Mat Min Exi Min Machines Accessed 9 | . 1 1 5 . 2 . Terminals 5 | . 1 1 3 . . . Fabricators . | . . . . . . . Repair Stations . | . . . . . . . Recycling Units 1 | . . . 1 . . . Scanalyzers 1 | . . . 1 . . . Garrison Access . | . . . . . . . Total Hacks 38 | . 3 3 26 . 6 . Successful 25 | . . . 19 . 6 . Failed 13 | . 3 3 7 . . . Catastrophic 3 | . 1 1 1 . . . Database Lockouts . | . . . . . . . Manual 18 | . 3 3 11 . 1 . Terminals 19 | . 3 3 13 . . . Fabricators . | . . . . . . . Repair Stations . | . . . . . . . Recycling Units 3 | . . . 3 . . . Scanalyzers 10 | . . . 10 . . . Garrison Access . | . . . . . . . Terminal Hacks 10 | . . . 4 . 6 . Record 5 | . . . . . 5 . Part Schematic 1 | . . . 1 . . . Alert Level 1 | . . . 1 . . . Unreport Threat 1 | . . . 1 . . . Zone Layout 1 | . . . 1 . . . EX-Prototype ID Bank 1 | . . . . . 1 . Fabricator Hacks . | . . . . . . . Repair Station Hacks . | . . . . . . . Recycling Unit Hacks 2 | . . . 2 . . . Retrieve Components 2 | . . . 2 . . . Scanalyzer 10 | . . . 10 . . . Insert Component 4 | . . . 4 . . . Analyze 6 | . . . 6 . . . Garrison Access Hacks . | . . . . . . . Unauthorized Hacks 3 | . . . 3 . . . Terminals 3 | . . . 3 . . . Botnet 2 | . . . 2 . . . Operators 1 | . . . 1 . . . Fabricators . | . . . . . . . Repair Stations . | . . . . . . . Recycling Units . | . . . . . . . Scanalyzers . | . . . . . . . Garrison Access . | . . . . . . . Data Cores Recovered . | . . . . . . . Used . | . . . . . . . Hacking Detections 5 | . 1 1 3 . . . Full Trace Events 1 | . . 1 . . . . Feedback Events . | . . . . . . . Feedback Blocked . | . . . . . . . Robot Schematics Acquired . | . . . . . . . Robots Built . | . . . . . . . Matter . | . . . . . . . Time . | . . . . . . . Total Robot Build Rating . | . . . . . . . Part Schematics Acquired 5 | . . . 5 . . . Parts Built . | . . . . . . . Matter . | . . . . . . . Time . | . . . . . . . Total Part Build Rating . | . . . . . . . Parts Repaired . | . . . . . . . Time . | . . . . . . . Parts Recycled . | . . . . . . . Recycled Matter . | . . . . . . . Retrieved Matter . | . . . . . . . Retrieved Components 10 | . . . 10 . . . Parts Scanalyzed 4 | . . . 4 . . . Part Schematics Acquired 4 | . . . 4 . . . Parts Damaged . | . . . . . . . Bothacking | -11 -10 -10 -9 -9 -9 -8 ------------ Run | Scr Mat Min Mat Min Exi Min Used RIF Installer . | . . . . . . . Robots Hacked . | . . . . . . . Non-combat . | . . . . . . . Combat . | . . . . . . . Robot Hacks Applied . | . . . . . . . Relay Couplers Released . | . . . . . . . Robots Rewired . | . . . . . . . Allies Hacked . | . . . . . . . Hacks Repelled . | . . . . . . . Allies | -11 -10 -10 -9 -9 -9 -8 -------- Run | Scr Mat Min Mat Min Exi Min Total Allies 3 | . . 3 . . . . Largest Group 3 | . . 3 2 . . . Highest-Rated Group 40 | . . 40 32 . . . Highest-Rated Ally 16 | . . 16 16 . . . Total Orders . | . . . . . . . Ally Attacks 23 | . . 12 11 . . . Total Damage 282 | . . 126 156 . . . Kills 1 | . . 1 . . . . Allies Corrupted . | . . . . . . . Allies Melted . | . . . . . . . Intel | -11 -10 -10 -9 -9 -9 -8 ------- Run | Scr Mat Min Mat Min Exi Min Robot Analysis Total . | . . . . . . . Derelict Logs Recovered . | . . . . . . . Drone Launches . | . . . . . . . Drone Recoveries . | . . . . . . . Exploration | -11 -10 -10 -9 -9 -9 -8 ------------- Run | Scr Mat Min Mat Min Exi Min Turns Passed 3877 | . 84 352 1738 72 1629 2 Spaces Moved 2125 | 1 69 275 862 41 877 . Core . | . . . . . . . Treads 361 | . . . 133 41 187 . Legs 1764 | 1 69 275 729 . 690 . Wheels . | . . . . . . . Hover . | . . . . . . . Flight . | . . . . . . . Fastest Speed 90 | 120 120 120 120 180 90 . Average Speed 149 | 120 120 120 169 180 140 . Slowest Speed 200 | 120 120 120 200 180 180 . Overloaded Moves . | . . . . . . . Propulsion Burnouts . | . . . . . . . Robots Hopped . | . . . . . . . Cave-ins Triggered . | . . . . . . . Exploration Rate (%) 37 | 2 21 79 57 15 89 2 Regions Visited 6 Branch Regions 4 Pre-discovered Areas 1 | . . . . . 1 . Known Exits Taken . | . . . . . . . Unknown Exits Taken 6 | 1 1 1 1 1 1 . Scrap Searched . | . . . . . . . Spaces Dug . | . . . . . . . Terrain Destroyed 44 | . . 5 2 . 36 1 Melee . | . . . . . . . Projectile 6 | . . . . . 6 . AOE 38 | . . 5 2 . 30 1 Actions | -11 -10 -10 -9 -9 -9 -8 --------- Run | Scr Mat Min Mat Min Exi Min Total 2563 | . 70 284 1043 40 1124 2 Wait 89 | . . . 24 . 65 . Move 2119 | . 68 274 861 40 876 . Hop . | . . . . . . . Pick Up 50 | . 1 1 28 . 20 . Fast Attach 23 | . . . 16 . 7 . Attach 16 | . . . 4 . 12 . Detach 5 | . . . 3 . 2 . Swap 29 | . . . 11 . 17 1 Drop 49 | . 1 1 37 . 10 . Fire 183 | . . 8 59 . 115 1 Melee . | . . . . . . . Ram . | . . . . . . . Kick . | . . . . . . . Crush . | . . . . . . . Escape Stasis . | . . . . . . . Rewire . | . . . . . . . Trap . | . . . . . . . Miscellaneous . | . . . . . . . Route ------- -11/Scrapyard -10/Materials -10/Mines -9/Materials (discovered 3 exits: [*Mat] / [*Min x2]) -9/Mines -9/Exiles -8/Mines History --------- Turn | Location | Event 1 | -11/Scrapyard | Discovered new exit (range 0) 1 | -11/Scrapyard | Entered Materials 59 | -10/Materials | Discovered new exit (range 12) 85 | -10/Materials | Entered Mines 93 | -10/Mines | Assisted by bots powering up and referring to "LRC-V3" 311 | -10/Mines | Build established: Mutant 399 | -10/Mines | Received a Rocket Launcher from a helpful Derelict 419 | -10/Mines | Discovered new exit (range 10) 437 | -10/Mines | Entered Materials 437 | -9/Materials | Accompanied by 2 allies 437 | -9/Materials | Evolved 2 slots: Utility x2 630 | -9/Materials | Discovered new exit (range 12) 661 | -9/Materials | Met 8R-AWN 933 | -9/Materials | Discovered new exit (range 15) 1209 | -9/Materials | Discovered new exit (range 16) 2175 | -9/Materials | Entered Mines 2177 | -9/Mines | Followed 8R-AWN into the Mines 2240 | -9/Mines | Discovered new exit (range 5) 2247 | -9/Mines | Entered Exiles 2291 | -9/Exiles | Welcomed by 8R-AWN 2321 | -9/Exiles | Met EX-HEX 2375 | -9/Exiles | Met EX-BIN 2406 | -9/Exiles | Aligned with FarCom system 2408 | -9/Exiles | Given EX-Vault access code 2451 | -9/Exiles | Opened EX-Vault 2471 | -9/Exiles | Found Potential Leg 2474 | -9/Exiles | Found Potential Leg 2514 | -9/Exiles | Warned to stay clear of 0b10 Research branches 2596 | -9/Exiles | Attacked by the Exiles 2683 | -9/Exiles | Core integrity fell below 50% 2734 | -9/Exiles | Lost 7 parts (1p2n2u2w) 2793 | -9/Exiles | Lost 4 parts (1p1u2w) 2806 | -9/Exiles | Core integrity fell below 20% 2815 | -9/Exiles | Destroyed 8R-AWN 2824 | -9/Exiles | Found Prototype Ballistic Gun 2824 | -9/Exiles | Identified 8R-AWN's Boregun 2834 | -9/Exiles | Found Prototype Processor 2919 | -9/Exiles | Found YOLO Cannon 2921 | -9/Exiles | Found Flying Fortress v7 3197 | -9/Exiles | Destroyed EX-BIN 3271 | -9/Exiles | Destroyed EX-DEC 3274 | -9/Exiles | Found Deploy-a-Sentry 3345 | -9/Exiles | Found Prototype Device 3345 | -9/Exiles | Identified System Purifier 3450 | -9/Exiles | Build established: Hauler-Mutant 3625 | -9/Exiles | Learned location of Zion (-6) 3866 | -9/Exiles | Discovered new exit (range 10) 3876 | -9/Exiles | Stole four prototypes: Potential Leg, Flying Fortress v7, YOLO Cannon, Deploy-a-Sentry 3876 | -9/Exiles | Entered Mines 3878 | -8/Mines | Destroyed self with Rocket Launcher Last Messages --------------- anyone spending a while in 0b10 bring along sensors with decent range to avoid running into patrols. A Signal Interpreter is optional since I know you're all smart enough to figure out what most of the blips are by watching their behavior for a short while. >>Record "MSG004902-01*" PINNED - I saw a Programmer snooping around in the Mines recently, it's only a matter of time before they find us. We might need to prioritize getting out of here and finding a better environment less hostile to science. >>Record "MSG004964-01" Who left my Assembled plushie in the Analyzer again?! I'm not erasing this message until I get an answer. --BIN 03665_ Dropped Med. Storage Unit. 03768_ Acquired EX Chip 1. 03770_ Acquired EX Chip 2. 03866_ EXIT=FOUND LOCATION=UNKNOWN GOAL=ESCAPE 03878_ Potential Leg severed. 03878_ G-47 Trooper destroyed. Map ----- +----------------------------------------------------+ | | | | | | | | | | | | | | | | | | | | | | | | | | | | | | | | | | | | | ????????????????????????????????? | | ????????????????????????????????? | | ????????????????????????????????? | | ????????????????????????????????? | | ????????????????????????????????? | | ??????????????????????##### ####? | | ??????????????????????# %* #? | | ??????????????????????# @l #? | | ??????????????????????# g #? | | ??????????????????????# #? | | ??????????????????????##### ####? | | ??????????????????????????? #???? | | ????????????????????????????#???? | | ????????????????????????????????? | | ????????????????????????????????? | | ????????????????????????????????? | | ????????????????????????????????? | | ????????????????????????????????? | | ????????????????????????????????? | | ????????????????????????????????? | | ????????????????????????????????? | | ????????????????????????????????? | | ????????????????????????????????? | | ????????????????????????????????? | | ????????????????????????????????? | | ????????????????????????????????? | | ????????????????????????????????? | | ????????????????????????????????? | | ????????????????????????????????? | | ????????????????????????????????? | | ????????????????????????????????? | | ????????????????????????????????? | +----------------------------------------------------+ Best States ------------- Heat Dissipation 42 Energy Generation 19 Energy Capacity 310 Matter Stores 300 Matter Capacity 300 Sight Range 16 Terrain Scan Density 10 Armor Coverage 225 Weapon Cycling 25 Evasion (%) 40 Recoil Reduction 2 Item Schematics ----------------- Med. Storage Unit | -9/Materials | Hacked Imp. Flight Unit | -9/Materials | Scanalyzed Imp. Light Armor Plating | -9/Materials | Scanalyzed Hacking Suite | -9/Materials | Scanalyzed Rocket Launcher | -9/Materials | Scanalyzed Robot Schematics ------------------ None Fabricated ------------ Nothing Alien Tech Used ----------------- None Achievements -------------- None Challenges ------------ None Game ------ Seed ChainCannonTendrils Manual? 0 Play Time 00:26:37 Cumulative 323.9 hours Start 2020.07.07 @ 15:25:23 End 2020.07.07 @ 15:52:04 Sessions 1 Manual Loads 0 Difficulty Rogue Special Mode None Game No. 362 Rogue 362 Adventurer 0 Explorer 0 Win Type - Total 29 Types 17/3/2/1/2/1/3 Lore% 93 Gallery% 88 Achievement% 78 Wizard Run 0 Options --------- ASCII 0 Keyboard 0 Movement Arrows Keybinds 0 Fullscreen 2 Font 18/SmallcapsGlow Map View 76x50 Tactical HUD 1 Map Filters NONE Filters NONE Steam 1 RUN: c7b11482-343c-4556-9a29-72f8d5972744